AoeStats
← RedPhosphoru

Arabian Desert

509996965Analyzed
1v1 RM · 3d ago on Sep 29, 2026· 18m 40s· 2 players
Game mode
Random Map
Map size
Tiny (2 player)
Population
200
Speed
Normal
Resources
Standard
Victory
Conquest
Starting age
Dark Age
Ending age
Imperial Age
RankedLock teamsTeams togetherTeam positionsShared explorationLock speedFull tech treeHidden civsTurbo modeCheats
Victory
Defeat
🇺🇸 Tupi · United States
2291
+12
🇪🇬 Mongols · Egypt
2205
-12
Ghosty
7:38 Loom
9:42 Feudal Age
13:36 Castle Age
11:49 Double-Bit Axe
15:56 Bow Saw
16:14 Fletching
17:24 Bodkin Arrow
RedPhosphoru
8:07 Loom
10:19 Feudal Age
13:59 Castle Age
12:58 Double-Bit Axe
15:23 Fletching
17:42 Bodkin Arrow
Connection lost

Rejoining the realm…

Still unreachable

The connection could not be restored.

Session expired

The server has moved on; the page needs a fresh start.